AoeStats
← Franquitoo

Four Lakes

508843041Analyzed
1v1 RM · 8d ago on Sep 24, 2026· 75m 20s· 2 players
Game mode
Random Map
Map size
Tiny (2 player)
Population
200
Speed
Normal
Resources
Standard
Victory
Conquest
Starting age
Dark Age
Ending age
Imperial Age
RankedLock teamsTeams togetherTeam positionsShared explorationLock speedFull tech treeHidden civsTurbo modeCheats
Victory
Defeat
🇦🇺 Saxons · Australia
796
+15
🇦🇷 Teutons · Argentina
765
-15
Franquitoo
2:27 Loom
11:09 Feudal Age
11:39 Double-Bit Axe
12:54 Gold Mining
19:25 Castle Age
20:21 Man-at-Arms
21:32 Long Swordsman
22:23 Stone Mining
26:35 Fletching
27:36 Bodkin Arrow
44:46 Town Watch
MrDocBrown
7:35 Loom
10:21 Feudal Age
10:53 Double-Bit Axe
10:46 Man-at-Arms
13:24 Forging
15:17 Scale Mail Armor
20:54 Castle Age
21:14 Arson
20:57 Long Swordsman
21:40 Squires
24:34 Fletching
28:19 Gambesons
33:56 Iron Casting
36:07 Chain Mail Armor
40:43 Wheelbarrow
39:53 Town Watch
40:11 Bodkin Arrow
40:17 Padded Archer Armor
40:24 Scale Barding Armor
41:21 Town Patrol
43:12 Ballistics
45:29 Imperial Age
45:41 Elite Longship
46:35 Bracer
46:16 Capped Ram
48:54 Chemistry
48:19 Siege Ram
48:58 Elite Varangian Guard
52:43 Plate Mail Armor
56:12 Spies/Treason
57:22 Treadmill Crane
57:56 Masonry
58:56 Leather Archer Armor
59:02 Chain Barding Armor
62:37 Medium Warships
62:52 Medium Warships
62:24 Fishing Lines
64:12 Onager
71:28 Architecture
70:50 Heated Shot
71:13 Fortified Wall
71:24 Shipwright
71:03 Murder Holes
Connection lost

Rejoining the realm…

Still unreachable

The connection could not be restored.

Session expired

The server has moved on; the page needs a fresh start.